AoeStats
← RedPhosphoru

Arabia

509726590Analyzed
1v1 RM · 4d ago on Sep 27, 2026· 32m 53s· 2 players
Game mode
Random Map
Map size
Tiny (2 player)
Population
200
Speed
Normal
Resources
Standard
Victory
Conquest
Starting age
Dark Age
Ending age
Imperial Age
RankedLock teamsTeams togetherTeam positionsShared explorationLock speedFull tech treeHidden civsTurbo modeCheats
Victory
Defeat
🇨🇱 Khmer · Chile
2199
+24
🇺🇸 Burgundians · United States
2385
-24
[CL] Pain
6:47 Loom
9:24 Feudal Age
9:55 Double-Bit Axe
14:39 Fletching
15:45 Horse Collar
22:39 Castle Age
22:01 Bloodlines
21:42 Gold Mining
23:13 Padded Archer Armor
23:26 Bodkin Arrow
23:47 Bow Saw
24:39 Husbandry
26:03 Padded Archer Armor
26:21 Scale Barding Armor
26:55 Ballistics
30:28 Wheelbarrow
RedPhosphoru
0:36 Loom
8:51 Double-Bit Axe
14:51 Feudal Age
20:34 Wheelbarrow
21:10 Scale Barding Armor
23:01 Hand Cart
25:23 Castle Age
23:56 Forging
23:53 Horse Collar
24:45 Bow Saw
25:31 Light Cavalry
26:12 Husbandry
26:44 Chain Barding Armor
25:48 Cavalier
26:54 Gold Mining
Connection lost

Rejoining the realm…

Still unreachable

The connection could not be restored.

Session expired

The server has moved on; the page needs a fresh start.